Map: King Sejong Station LE

Players

slayer

  • Race: Terran Terran
  • League: Platinum

blackxored - Winner!

  • Race: Zerg Zerg
  • League: Diamond

VOD

Have the link to the VOD?

Description

Time

  • Played on: July 2, 2016, 3:50 a.m.
  • Length: 7:36
Show
View Real Time Build Order
Export as new Build Order

slayer Terran 

Build Orders: Reaper Expand 

Get SALT Encoding   

  12  0:01  SCV  
  13  0:17  Supply Depot  
  13  0:19  SCV  
  14  0:31  SCV  
  14  0:33  Refinery  
  15  0:46  Barracks  
  15  0:50  SCV  
  16  1:02  SCV  
  17  1:15  SCV  
  18  1:27  SCV  
  19  1:34  Reaper  
  19  1:39  Orbital Command  
  20  1:57  Command Center  
  20  2:05  Supply Depot  
  20  2:15  Factory  
  20  2:16  SCV  
  20  2:22  Barracks Reactor  
  21  2:29  SCV  
  22  2:33  Refinery  
  22  2:41  SCV  
  23  2:53  SCV  
  24  3:05  SCV  
  25  3:11  Orbital Command  
  25  3:18  SCV  
  26  3:21  Barracks  
  26  3:30  Marine  
  26  3:33  SCV  
  28  3:35  Hellion  
  28  3:36  Hellion  
  32  3:46  Barracks  
  32  3:48  Barracks  
  32  3:51  Supply Depot  
  32  3:53  SCV x2  
  34  3:58  Hellion x2  
  38  4:05  SCV  
  38  4:09  SCV  
  40  4:10  Starport  
  40  4:13  Marine  
  41  4:17  Engineering Bay  
  41  4:20  SCV  
  46  4:24  Hellion x2  
  46  4:28  Marine  
  46  4:29  SCV  
  48  4:35  Supply Depot  
  49  4:38  SCV  
  49  4:40  Marine x2  
  49  4:42  SCV  
  52  4:47  Supply Depot  
  52  4:48  Armory  
  52  4:50  Hellion  
  54  5:05  SCV x2  
  50  5:07  Hellion  
  50  5:08  Marine x3  
  50  5:10  Terran Infantry Weapons Level 1  
  53  5:17  SCV x2  
  53  5:18  Starport Reactor  
  53  5:20  Barracks Tech Lab  
  55  5:22  Hellion  
  57  5:29  SCV  
  57  5:31  Hellion  
  57  5:32  SCV  
  57  5:35  Refinery  
  61  5:38  Refinery  
  61  5:40  Terran Vehicle Weapons Level 1  
  61  5:41  Marine x4  
  65  5:42  Barracks  
  65  5:49  SCV  
  68  5:52  SCV  
  67  6:04  Widow Mine  
  67  6:05  Supply Depot  
  67  6:08  Supply Depot  
  69  6:24  Supply Depot  
  69  6:26  Widow Mine  
  69  6:27  Medivac x2  
  69  6:30  SCV  
  69  6:31  SCV  
  77  6:33  Marine x3  
  80  6:40  Marine x2  
  80  6:42  Barracks  
  80  6:43  SCV  
  80  6:44  Supply Depot  
  80  6:45  Supply Depot  
  83  6:48  SCV  
  83  6:51  Marine  
  85  7:02  Command Center  
  85  7:04  Marine x3  
  85  7:05  Marine  
Show
View Real Time Build Order
Export as new Build Order

blackxored Zerg - Winner!

Build Orders: Hatch First 

Get SALT Encoding   

  12  0:02  Drone  
  13  0:10  Drone  
  14  0:19  Overlord  
  14  0:25  Extractor, Drone  
  15  0:43  Drone x2  
  17  0:56  Drone  
  18  0:59  Hatchery  
  18  1:00  Drone  
  18  1:10  Extractor  
  17  1:16  Spawning Pool  
  17  1:18  Drone  
  17  1:20  Drone  
  18  1:29  Drone  
  19  1:40  Drone  
  20  1:49  Overlord  
  20  2:04  Queen  
  22  2:12  Zergling x2  
  22  2:13  Zergling x4  
  22  2:14  Queen  
  22  2:15  Metabolic Boost  
  27  2:23  Drone  
  27  2:24  Drone  
  29  2:38  Hatchery  
  28  2:51  Pneumatized Carapace  
  28  2:53  Drone x3  
  31  3:04  Queen  
  33  3:09  Overlord  
  33  3:28  Drone x9  
  33  3:31  Drone  
  33  3:34  Drone  
  43  3:39  Overlord  
  43  3:44  Overlord  
  43  3:54  Queen  
  45  3:55  Queen  
  45  4:01  Queen  
  49  4:06  Overlord  
  49  4:27  Zergling x16  
  49  4:28  Zergling x10  
  62  4:32  Baneling Nest  
  62  4:34  Queen  
  62  4:35  Drone  
  64  4:39  Queen  
  64  4:44  Queen  
  68  5:08  Drone x5  
  68  5:09  Overlord  
  68  5:10  Overlord x2  
  73  5:21  Overlord x2  
  73  5:27  Hatchery  
  72  5:42  Zergling x18  
  81  5:44  Baneling x14  
  81  5:55  Lair  
  82  6:04  Zergling x20  
  91  6:19  Evolution Chamber  
  91  6:21  Drone x2  
  91  6:22  Evolution Chamber  
  92  6:40  Zergling x24  
  92  6:42  Baneling  
  92  6:43  Baneling x4  
  103  6:51  Baneling  
  103  6:56  Drone x3  
  103  6:57  Extractor  
  103  6:58  Drone  
  103  6:59  Zergling x10  
  103  7:00  Zergling x2  
Tags
 
Add a new tag
Caveats
  • Supply blocks, unpowered buildings, or Contaminate may cause inaccurate times.
  • Supply counts are checked every 10 seconds.